 Dungeon Crawl Stone Soup version 0.28.0-45-g0d030f2227 (webtiles) character file.

Game seed: 9234087115927854443

1640 101zpm the Thaumaturge (level 9, 0/57 HPs)
             Began as a Djinni Ice Elementalist on Apr 12, 2022.
             Was a Believer of Elyvilon.
             Slain by an unseen horror (10 damage)
             ... on level 7 of the Dungeon.
             The game lasted 00:23:46 (8668 turns).

101zpm the Thaumaturge (Djinni Ice Elementalist)    Turns: 8668, Time: 00:23:48

Health: 0/57       AC:  4    Str: 13    XL:     9   Next: 18%
Gold:   368        EV: 14    Int: 21    God:    Elyvilon [**....] SH:  0 Dex: 20

rFire   + + +      SeeInvis .   g - +1 mace (venom)
rCold   . . .      Faith    .   B - orb {mayhem}
rNeg    . . .      Spirit   .   a - +0 robe
rPois   ∞          Reflect  .   i - +0 helmet
rElec   .          Harm     .   D - scarf {rC+ rF+}
rCorr   .          Rampage  .   m - +0 pair of gloves
Will    .....                   (boots unavailable)
Stlth   +++.......              (no amulet)
HPRegen 0.19/turn               q - +6 ring of dexterity
MPRegen 0.00/turn               z - +6 ring of strength

@: freezing walls, flying
A: sickness immunity, fire resistance 2, cold vulnerability 1, float, innate
caster, HP casting, extra vitality 1
a: Renounce Religion, Purification, Heal Other


You were on level 7 of the Dungeon.
You worshipped Elyvilon.
Elyvilon was pleased with you.
You visited 2 branches of the dungeon, and saw 8 of its levels.

You collected 368 gold pieces.

Inventory:

Hand Weapons
 g - a +1 mace of venom (weapon)
 E - a +1 short sword of draining
Missiles
 b - 224 stones
 u - 4 javelins
 F - 11 poisoned darts
Armour
 a - a +0 robe (worn)
 h - a scarf of repulsion
 i - a +0 helmet (worn)
 m - a +0 pair of gloves (worn)
 v - a +0 helmet
 B - an orb of mayhem (worn)
 D - a scarf of resistance (worn)
Jewellery
 q - a +6 ring of dexterity (left hand)
 z - a +6 ring of strength (right hand)
Wands
 n - a wand of flame (21)
 y - a wand of digging (8)
Scrolls
 c - 3 scrolls of identify {unknown}
 d - a scroll of noise {unknown}
 e - 4 scrolls of teleportation {unknown}
 o - a scroll of magic mapping {unknown}
 r - 2 scrolls of blinking {unknown}
 w - 2 scrolls of enchant weapon {unknown}
 A - 2 scrolls of fog {unknown}
 C - a scroll of torment {unknown}
 G - a scroll of immolation {unknown}
Potions
 f - a potion of haste {unknown}
 j - a potion of berserk rage {unknown}
 k - 2 potions of lignification {unknown}
 l - a potion of heal wounds {unknown}
 p - a potion of mutation {unknown}
 s - a potion of degeneration {unknown}
 t - a potion of curing {unknown}
 x - 3 potions of cancellation {unknown}


   Skills:
 + Level 1.1 Fighting
 + Level 3.4 Dodging
 + Level 3.5 Stealth
 + Level 8.4 Spellcasting


You had 4 spell levels left.
You knew the following spells:

 Your Spells              Type           Power      Damage    Failure   Level
a - Freeze                Ice            100%       1d11      1%          1
b - Frozen Ramparts       Ice            88%        1d10      1%          3
c - Ozocubu's Armour      Ice            44%        N/A       1%          3
d - Hailstorm             Conj/Ice       44%        3d10      2%          4
e - Shock                 Conj/Air       100%       1d9       1%          1
f - Corpse Rot            Necr/Air       88%        N/A       1%          2
g - Dazzling Flash        Conj/Hex       88%        N/A       1%          3
h - Conjure Flame         Conj/Fire      44%        6-21      1%          3
Your spell library was empty.

Dungeon Overview and Level Annotations

Branches:
Dungeon (7/15)             Temple (1/1) D:4

Altars:
Ashenzari
Cheibriados
Dithmenos
Elyvilon
Gozag
Kikubaaqudgha
Makhleb
Nemelex Xobeh
Okawaru
Qazlal
Ru
Sif Muna
Trog
Uskayaw
Vehumet
Wu Jian
Xom
Yredelemnul
Zin
The Shining One

Shops:
D:5 [

Annotations:
D:6 3 runed translucent doors, Peloso's ghost, novice MiFi


Innate Abilities, Weirdness & Mutations

You are immune to sickness and miasma.
You are immune to poison.
Your flesh is very heat resistant. (rF++)
You are vulnerable to cold. (rC-)
You float through the air rather than walking.
You learn spells naturally, not from books.
Your magical power is your life essence.
You have superior vitality. (+4 MHP)


Message History

The zap hits the orc warrior.
You kill the orc warrior!
The wall freezes something.
Something hits you!
The wall freezes something.
Something barely misses you.
The wall freezes something.
Something hits you.
Aiming: Shock (safe; 1% risk of failure)
Press: ? - help, Q - select action, (/) - cycle Shift-Dir - straight line, f - you
Okay, then.
Casting: Shock (safe; 1% risk of failure)
Confirm with . or Enter, or press ? or * to list all spells.
You can't see any susceptible monsters within range! (Use Z to cast anyway.)
Your frozen ramparts will break if you move.
Continue? [Y]es or [N]o only, please.
Your frozen ramparts will break if you move.
Continue? [Y]es or [N]o only, please.
Your frozen ramparts will break if you move.
Continue?
Okay, then.
Casting: Shock (safe; 1% risk of failure)
Confirm with . or Enter, or press ? or * to list all spells.
You can't see any susceptible monsters within range! (Use Z to cast anyway.)
Your frozen ramparts will break if you move.
Continue?
Okay, then.
Casting: Shock (safe; 1% risk of failure)
Confirm with . or Enter, or press ? or * to list all spells.
The fire begins to smoulder!
The wall freezes something.
Something hits you but does no damage.
The wall freezes something but does no damage.
The wall freezes something.
The wall freezes something.
Something hits you.
The wall freezes something.
Something hits you.
* * * LOW HITPOINT WARNING * * *
The wall freezes something.
Something hits you but does no damage.
You smother the flame.
Okay, then.
Casting: Conjure Flame (safe; 1% risk of failure)
Confirm with . or Enter, or press ? or * to list all spells.
The fire begins to smoulder!
* * * LOW HITPOINT WARNING * * *
The wall freezes something but does no damage.
Something hits you!
You die...

......># #####..#
#..# #..## #...##
#....#
#..#.########
.....#..#.#.#)##
####..#.###.#..@#
#..#..#.####{#
#..#.###.# ).#
...#..#.##.#.#
#..#.#.#####.#
#.### #.# #.. ..#
##. .## #


There were no monsters in sight!

Vanquished Creatures
  A water moccasin (D:7)
  A black bear (D:5)
  An orc warrior (D:7)
  A necrophage (D:6)
  2 ice beasts
  An ogre (D:5)
  A phantom (D:6)
  A kobold brigand (D:7)
  A water moccasin zombie (D:5)
  4 scorpions
  A water moccasin skeleton (D:7)
  A howler monkey (D:7)
  A bullfrog zombie (D:6)
  A hound (D:6)
  2 jellies
  3 orc priests
  3 iguanas
  A hound skeleton (D:4)
  5 adders
  A shadow imp (D:7)
  3 white imps
  An adder skeleton (D:4)
  5 dart slugs
  10 orcs
  5 ball pythons
  6 bats
  4 endoplasms
  5 giant cockroaches
  7 goblins
  7 hobgoblins
  4 quokkas
  16 frilled lizards
  9 kobolds
  4 rats
119 creatures vanquished.

Vanquished Creatures (others)
  2 fungi
  10 plants
12 creatures vanquished.

Grand Total: 131 creatures vanquished

Notes
Turn   | Place    | Note
-------+----------+-------------------------------------------
     0 | D:1      | 101zpm the Djinni Ice Elementalist began the quest for the
                  | Orb.
     0 | D:1      | Reached XP level 1. HP: 15/15 MP: 0/0
   231 | D:1      | Reached XP level 2. HP: 18/21 MP: 0/0
   769 | D:1      | Reached XP level 3. HP: 17/25 MP: 0/0
   769 | D:1      | Learned a level 1 spell: Shock
  1425 | D:3      | Reached skill level 4 in Spellcasting
  1448 | D:2      | Reached XP level 4. HP: 2/31 MP: 0/0
  2058 | D:2      | Reached XP level 5. HP: 34/35 MP: 0/0
  2058 | D:2      | Learned a level 2 spell: Corpse Rot
  3272 | D:3      | Found a faded altar of an unknown god.
  3475 | D:4      | Reached skill level 5 in Spellcasting
  3475 | D:4      | Reached XP level 6. HP: 36/41 MP: 0/0
  3883 | D:4      | Found a staircase to the Ecumenical Temple.
  3972 | D:4      | Found an iron altar of Okawaru.
  4251 | D:4      | Found an ornate altar of the Wu Jian Council.
  4365 | Temple   | Entered the Ecumenical Temple
  4586 | Temple   | Became a worshipper of Elyvilon the Healer
  4647 | D:5      | Entered Level 5 of the Dungeon
  4667 | D:5      | Noticed an ogre
  4672 | D:5      | Killed an ogre
  4673 | D:5      | Reached XP level 7. HP: 39/46 MP: 0/0
  4673 | D:5      | Learned a level 3 spell: Dazzling Flash
  4720 | D:5      | Reached skill level 6 in Spellcasting
  5069 | D:5      | Found a broken altar of Ashenzari.
  5119 | D:5      | Found a basalt altar of Yredelemnul.
  5123 | D:5      | Found a glowing silver altar of Zin.
  5266 | D:5      | Found Zarcheebb's Antique Armour Shop.
  5534 | D:5      | Reached * piety under Elyvilon
  5889 | D:5      | Reached XP level 8. HP: 46/51 MP: 0/0
  6370 | D:6      | Reached skill level 7 in Spellcasting
  6645 | D:6      | Reached ** piety under Elyvilon
  7225 | D:6      | Found a runed translucent gate.
  7225 | D:6      | Found a runed translucent gate.
  7226 | D:6      | Found a runed translucent gate.
  7226 | D:6      | Noticed a kobold demonologist
  7229 | D:6      | Noticed Peloso's ghost (novice MiFi)
  7552 | D:6      | Found a shadowy altar of Dithmenos.
  8161 | D:7      | Reached skill level 1 in Fighting
  8161 | D:7      | Reached skill level 8 in Spellcasting
  8170 | D:7      | Reached XP level 9. HP: 32/57 MP: 0/0
  8170 | D:7      | Learned a level 3 spell: Conjure Flame
  8399 | D:7      | Found an opulent altar of Gozag.
  8668 | D:7      | Slain by an unseen horror

Illustrated notes

Levels and vault maps discovered:
D:1:      evilmike_arrival_rings, layout_loops_ring, minmay_lizard_king
D:2:      layout_loops_ring, chequers_serial_rivers_large_b
D:3:      layout_rooms, dreamdust_ecumenical_altar_hidden_monk_grotto
D:4:      layout_loops_ring, mainiacjoe_overflow_brackets,
          mainiacjoe_overflow_alcove_1, minmay_temple_entry_enclosed_plants,
          minivault_4, minmay_misc_feat_columns
D:5:      layout_gridville, nicolae_ashenzari_panopticon, minitemple,
          serial_shops, nicolae_shop_stone, grunt_ministairs_9, minivault_5,
          chequers_garden, kennysheep_generic_room_2
D:6:      layout_cave_pools, nicolae_dithmenos_the_darkroom,
          gammafunk_ghost_nasty_kobolds
D:7:      layout_loops_ring, nicolae_gozag_seed_capital, minmay_small_thing
Temple:   minmay_temple_curvy_loop

Skill      XL: |  1  2  3  4  5  6  7  8 |
---------------+-------------------------+-----
Spellcasting   | 4 5 6 8 |  8.4
Stealth        | 2 3 |  3.5
Dodging        | 3 |  3.4
Fighting       | 1 |  1.1

Action                   |  1- 3 |  4- 6 |  7- 9 || total
-------------------------+-------+-------+-------++-------
Melee: Unarmed           |     1 |       |       ||     1
 Cast: Freeze            |    46 |     1 |     3 ||    50
       Shock             |     2 |    96 |   159 ||   257
       Frozen Ramparts   |     1 |     5 |    16 ||    22
       Ozocubu's Armour  |     1 |       |       ||     1
       Conjure Flame     |       |       |     2 ||     2
Armor: Robe              |     4 |     3 |    10 ||    17
Dodge: Dodged            |    22 |    10 |    26 ||    58
       Repelled          |       |       |     1 ||     1
